 Dungeon Crawl Stone Soup version 0.22-a0-580-gd5db89c (webtiles) character file.

112 varam the Magician (level 4, -8/30 HPs)
             Began as a Mummy Ice Elementalist on July 3, 2018.
             Killed from afar by Sigmund (12 damage)
             ... with a puff of flame
             ... on level 4 of the Dungeon.
             The game lasted 00:09:41 (2221 turns).

varam the Magician (Mummy Ice Elementalist)         Turns: 2221, Time: 00:09:42

Health: -8/30      AC:  2    Str: 11    XL:     4   Next: 63%
Magic:  10/10      EV: 12    Int: 15    God:
Gold:   139        SH:  0    Dex: 15    Spells: 7/11 levels left

rFire    x . .     SeeInvis .   i - +0 hunting sling
rCold    + . .     Gourm    .   (no shield)
rNeg     + + +     Faith    .   (no armour)
rPois    ∞         Spirit   .   (no helmet)
rElec    .         Reflect  .   (no cloak)
rCorr    .         Harm     .   n - +0 pair of gloves
MR       .....                  p - +0 pair of boots
Stlth    ++........             (no amulet)
HPRegen  0.10/turn              r - +3 ring of dexterity
MPRegen  0.12/turn              (no ring)

@: no status effects
A: no food or potions, fire vulnerability, cold resistance 1, negative energy
resistance 3, torment resistance, unbreathing
a: no special abilities


You were on level 4 of the Dungeon.
You were not hungry.

You visited 1 branch of the dungeon, and saw 4 of its levels.

You collected 139 gold pieces.

Inventory:

Hand Weapons
 b - a +0 dagger
 i - a +0 hunting sling (weapon)
 l - a +0 spear
 o - a +0 whip
Missiles
 f - 35 poisoned needles
 j - 89 stones (quivered)
 q - 8 javelins
Armour
 a - a +0 robe
 n - a +0 pair of gloves (worn)
 p - a +0 pair of boots (worn)
Jewellery
 r - a +3 ring of dexterity (left hand)
Scrolls
 c - a scroll of fog
 d - a scroll of amnesia {unknown}
 g - 2 scrolls of enchant armour
 h - 2 scrolls of enchant weapon
 m - 2 scrolls of blinking {unknown}
 t - 3 scrolls of teleportation
 w - 2 scrolls of remove curse
Comestibles
 e - 5 rations


   Skills:
 - Level 1.5 Dodging
 - Level 1.5 Stealth
 + Level 4.0 Spellcasting
   Level 0.7 Conjurations
 + Level 0.8 Charms
 * Level 3.8 Ice Magic


You had 7 spell levels left.
You knew the following spells:

 Your Spells              Type           Power        Failure   Level  Hunger
a - Freeze                Ice            ##..         3%          1    N/A
b - Ozocubu's Armour      Chrm/Ice       ##......     21%         3    N/A

Your spell library contained the following spells:

 Spells                   Type           Power        Failure   Level  Hunger
 Throw Frost              Conj/Ice       #.....       11%         2    N/A
 Summon Ice Beast         Ice/Summ       #.......     63%         4    N/A
 Throw Icicle             Conj/Ice       #.......     56%         4    N/A

Dungeon Overview and Level Annotations

Branches:
Dungeon (4/15)
 Temple: D:4-7

Altars:

Annotations:
D:3 3 runed doors, Arado's ghost, amateur HOFi; Natasha
D:4 Sigmund


Innate Abilities, Weirdness & Mutations

You do not eat or drink.
Your flesh is vulnerable to fire.
You are immune to poison.
Your flesh is cold resistant. (rC+)
You are immune to negative energy. (rN+++)
You are immune to unholy pain and torment.
You can survive without breathing.


Message History

You start removing your armour.
You continue taking off your +0 ring mail. x4
You finish taking off your +0 ring mail.
You drop a +0 ring mail.
Put on which piece of jewellery? (? for menu, Esc to quit)
You feel agile.
r - a +3 ring of dexterity (left hand) Sigmund the Dreaded comes into view.
He is wielding a scythe of venom.
Sigmund shouts!
Sigmund points at you and mumbles some strange words.
The puff of flame hits you! The fire burns you terribly!
Sigmund casts a spell at you. The puff of flame hits you!
The fire burns you terribly!
Ouch! That really hurt!
* * * LOW HITPOINT WARNING * * *
As you read the scroll of fog, it crumbles to dust.
The scroll dissolves into smoke.
Sigmund casts a spell at you. The puff of flame hits you!
The fire burns you terribly!
You die...

.... ####.. #..#
#..... #..# #.##.#
##>##########.##.#
#.............##.#
#.##############.#
#.# #.# #.# #.#
#@# .. #.# #.# #.#
#.# #.# #@#
##############§#
...@....§§§§§§§#


You could see Sigmund.

Vanquished Creatures
  Terence (D:2)
  6 adders
  An ooze (D:2)
  A leopard gecko (D:4)
  A giant cockroach (D:2)
  3 goblins
  6 hobgoblins
  2 quokkas
  4 bats
  3 frilled lizards
  4 kobolds
  4 rats
36 creatures vanquished.

Notes
Turn   | Place    | Note
-------+----------+-------------------------------------------
     0 | D:1      | varam the Mummy Ice Elementalist began the quest for the Orb.
     0 | D:1      | Reached XP level 1. HP: 13/13 MP: 4/4
   711 | D:1      | Reached skill level 3 in Spellcasting
   711 | D:1      | Reached XP level 2. HP: 10/19 MP: 1/6
   957 | D:2      | Noticed Terence
  1082 | D:3      | Found a runed gate.
  1169 | D:3      | Found a runed gate.
  1169 | D:3      | Found a runed gate.
  1172 | D:3      | Noticed Arado's ghost (amateur HOFi)
  1278 | D:2      | Reached XP level 3. HP: 21/24 MP: 4/7
  1469 | D:2      | Learned a level 3 spell: Ozocubu's Armour
  1685 | D:2      | Killed Terence
  1685 | D:2      | Reached XP level 4. HP: 30/30 MP: 2/9
  2007 | D:3      | Noticed Natasha
  2017 | D:3      | Reached skill level 4 in Spellcasting
  2205 | D:4      | Noticed Sigmund
  2221 | D:4      | Killed from afar by Sigmund

Vault maps used:
D:1:      tarquinn_simple_flora_water_e
D:2:      uniq_terence
D:3:      ebering_ghost_rock_garden, uniq_natasha, uniq_ijyb
D:4:      minmay_temple_entry_crystal_x, first_ration, uniq_grinder,
          uniq_sigmund

Skill      XL: |  1  2  3  4 |
---------------+-------------+-----
Spellcasting   | 3 4 |  4.0
Ice Magic      | 3 |  3.8
Dodging        | |  1.5
Stealth        | |  1.5
Conjurations   | |  0.7
Charms         | |  0.8

Action                   |  1- 3 |  4- 6 || total
-------------------------+-------+-------++-------
Melee: Dagger            |     3 |       ||     3
       Whip              |     6 |       ||     6
       Spear             |     1 |       ||     1
 Fire: Hunting sling     |    35 |    19 ||    54
Throw: Stone             |     1 |       ||     1
 Cast: Freeze            |    40 |    15 ||    55
       Ozocubu's Armour  |     1 |       ||     1
  Use: Scroll            |     7 |     3 ||    10
 Stab: Sleeping          |     2 |       ||     2
Armor: Robe              |    14 |     3 ||    17
Dodge: Dodged            |    29 |     8 ||    37

Table legend:
 A = Spawn XP
 B = Non-spawn XP
 C = Spawn XP percentage of total XP
 D = Spawn monster count
 E = Non-spawn monster count
 F = Spawn count percentage of total count
 G = Total turns spent on level
                    A         B        C        D         E        F      G
               +---------+---------+-------+---------+---------+-------+---------
         Total |       0 |     160 |   0.0 |       0 |      36 |   0.0 |  2221
               +---------+---------+-------+---------+---------+-------+---------
           D:1 |       0 |      22 |   0.0 |       0 |       9 |   0.0 |   856
           D:2 |       0 |      77 |   0.0 |       0 |      12 |   0.0 |   832
           D:3 |       0 |      58 |   0.0 |       0 |      14 |   0.0 |   445
           D:4 |       0 |       3 |   0.0 |       0 |       1 |   0.0 |    88
               +---------+---------+-------+---------+---------+-------+---------
